Map: Templo óseo EE

Players

capitalDee - Winner!

  • Race: Zerg Zerg
  • Spawn Location: 1:00

Roughriders - Winner!

  • Race: Protoss Protoss
  • Spawn Location: 3:00

Dman - Winner!

  • Race: Terran Terran
  • League: Bronze
  • Spawn Location: 12:00

TATORREA

  • Race: Protoss Protoss
  • League: Silver
  • Spawn Location: 7:00

MrFercho

  • Race: Zerg Zerg
  • League: Silver
  • Spawn Location: 6:00

tigro

  • Race: Terran Terran
  • League: Bronze
  • Spawn Location: 7:00

VOD

Have the link to the VOD?

Description

Time

  • Played on: June 7, 2020, 5:02 p.m.
  • Length: 13:24
Show
View Real Time Build Order
Export as new Build Order

capitalDee Zerg - Winner!

Build Orders: Pool First 

Get SALT Encoding   

  12  0:02  Drone  
  13  0:17  Drone  
  13  0:19  Overlord  
  14  0:38  Drone x2  
  16  0:48  Extractor  
  15  0:53  Spawning Pool  
  14  0:57  Extractor, Drone  
  14  0:58  Drone  
  15  1:09  Drone  
  16  1:15  Drone  
  17  1:21  Drone  
  18  1:41  Lair  
  18  1:49  Hatchery  
  17  1:54  Drone  
  17  1:57  Drone  
  19  2:01  Drone  
  19  2:08  Drone  
  21  2:19  Overlord  
  21  2:28  Drone  
  22  2:43  Spire  
  21  2:45  Drone  
  22  2:51  Queen  
  22  2:56  Drone  
  25  3:03  Drone x2  
  27  3:11  Drone  
  28  3:16  Drone  
  29  3:23  Extractor  
  29  3:26  Overlord  
  29  3:27  Drone  
  29  3:39  Drone x2  
  31  3:44  Extractor  
  30  3:56  Zerg Flyer Weapons Level 1  
  30  4:01  Mutalisk x3  
  30  4:02  Mutalisk x2  
  40  4:22  Overlord, Mutalisk x2  
  44  4:26  Overlord  
  44  4:49  Mutalisk x2  
  44  4:50  Mutalisk  
  50  5:00  Mutalisk  
  52  5:14  Mutalisk  
  52  5:57  Mutalisk  
  52  5:58  Mutalisk x3  
  60  6:05  Overlord x2  
  60  6:38  Mutalisk x5  
  60  6:39  Mutalisk  
  66  7:11  Mutalisk x3  
  66  8:10  Mutalisk x3  
  66  8:11  Mutalisk x3  
  76  8:19  Overlord x2  
  76  8:20  Overlord  
  76  8:24  Zerg Flyer Weapons Level 2  
  58  9:28  Mutalisk x6  
  58  9:29  Mutalisk  
  72  9:55  Drone x4, Mutalisk  
  72  9:56  Mutalisk x2  
  82  10:03  Hatchery  
  71  10:48  Mutalisk x4  
  71  10:49  Mutalisk x2  
  79  11:14  Mutalisk  
  79  11:15  Mutalisk x2  
  77  12:25  Mutalisk  
  77  12:26  Mutalisk x5  
  87  12:54  Mutalisk x4  
Show
View Real Time Build Order
Export as new Build Order

Roughriders Protoss - Winner!

Build Orders:  

Get SALT Encoding   

  12  0:02  Probe  
  13  0:15  Pylon  
  13  0:18  Probe  
  14  0:30  Probe (Chrono Boost)  
  14  0:35  Gateway  
  15  0:42  Probe (Chrono Boost)  
  16  0:49  Probe (Chrono Boost)  
  17  0:56  Probe  
  17  1:00  Assimilator  
  18  1:13  Probe (Chrono Boost)  
  19  1:19  Assimilator  
  19  1:22  Pylon  
  19  1:23  Probe (Chrono Boost)  
  20  1:27  Cybernetics Core  
  20  1:29  Probe  
  21  1:43  Probe  
  22  2:06  Nexus  
  22  2:17  Stargate  
  22  2:39  Pylon  
  22  2:41  Assimilator  
  22  2:46  Assimilator  
  22  2:53  Stargate  
  22  3:01  Void Ray  
  26  3:09  Forge  
  26  3:19  Probe (Chrono Boost)  
  27  3:30  Probe (Chrono Boost)  
  28  3:35  Probe (Chrono Boost)  
  29  3:46  Photon Cannon, Probe (Chrono Boost)  
  30  3:49  Shield Battery  
  30  3:51  Probe (Chrono Boost)  
  30  3:55  Photon Cannon  
  31  4:01  Probe (Chrono Boost)  
  32  4:13  Probe (Chrono Boost)  
  33  4:18  Void Ray  
  33  4:19  Probe (Chrono Boost)  
  38  4:28  Probe (Chrono Boost)  
  39  4:37  Probe (Chrono Boost)  
  40  4:45  Fleet Beacon  
  40  4:47  Protoss Air Weapons Level 1 (Chrono Boost)  
  40  4:49  Probe (Chrono Boost)  
  41  4:56  Protoss Shields Level 1  
  42  5:00  Probe (Chrono Boost)  
  42  5:07  Void Ray  
  42  5:11  Probe  
  42  5:13  Probe  
  48  5:25  Probe (Chrono Boost)  
  49  5:31  Void Ray  
  49  5:35  Unknown  
  54  5:36  Probe (Chrono Boost)  
  54  5:45  Stargate  
  54  6:09  Pylon  
  54  6:14  Pylon  
  54  6:19  Pylon  
  54  6:24  Stargate  
  54  6:27  Void Ray  
  58  6:48  Void Ray  
  58  6:49  Void Ray, Nexus  
  66  6:55  Pylon  
  66  7:09  Void Ray  
  66  7:12  Protoss Air Armor Level 1 (Chrono Boost)  
  70  7:20  Assimilator  
  70  7:24  Assimilator  
  70  7:27  Void Ray  
  74  7:37  Void Ray  
  78  7:48  Void Ray  
  82  7:52  Probe (Chrono Boost)  
  83  8:01  Twilight Council  
  83  8:03  Probe (Chrono Boost)  
  84  8:08  Probe (Chrono Boost)  
  85  8:19  Probe (Chrono Boost)  
  87  8:21  Probe (Chrono Boost)  
  87  8:24  Void Ray  
  93  8:27  Probe (Chrono Boost)  
  93  8:29  Probe (Chrono Boost)  
  93  8:33  Probe (Chrono Boost)  
  93  8:37  Protoss Shields Level 2  
  90  9:24  Void Ray x2  
  98  9:37  Void Ray  
  98  10:00  Void Ray  
  98  10:36  Void Ray  
  90  10:56  Void Ray  
  90  10:57  Void Ray  
  98  12:40  Pylon  
  98  12:41  Pylon  
  98  12:42  Pylon  
  98  12:43  Pylon x2  
  98  12:44  Pylon x2  
  98  12:45  Pylon  
  98  12:47  Pylon  
  98  12:48  Pylon  
Show
View Real Time Build Order
Export as new Build Order

Dman Terran - Winner!

Build Orders: Mech 

Get SALT Encoding   

  12  0:39  Supply Depot  
  12  0:46  SCV  
  13  0:58  SCV  
  14  1:04  Barracks  
  14  1:19  Engineering Bay  
  14  1:28  Supply Depot  
  14  1:48  SCV  
  14  1:52  Refinery  
  15  1:54  Refinery  
  15  2:00  SCV  
  16  2:11  Marine  
  16  2:12  SCV  
  18  2:20  Bunker  
  18  2:29  Marine  
  19  2:34  SCV  
  20  2:41  Missile Turret  
  20  2:46  SCV  
  20  2:47  Marine  
  22  2:56  Factory  
  22  2:58  SCV  
  22  3:03  Supply Depot  
  23  3:10  SCV  
  23  3:12  Marine  
  25  3:23  SCV  
  26  3:30  Marine  
  27  3:35  SCV  
  28  3:47  Marine  
  29  3:50  Factory Tech Lab  
  29  3:59  Supply Depot  
  30  4:05  Marine  
  30  4:08  Orbital Command  
  30  4:20  Command Center  
  30  4:23  Marine  
  31  4:36  Missile Turret  
  31  4:41  Marine  
  31  4:44  Siege Tank  
  35  5:00  Factory  
  35  5:06  Supply Depot  
  35  5:16  Siege Tank  
  35  5:20  Missile Turret  
  38  5:27  SCV  
  39  5:36  SCV  
  39  5:40  SCV  
  41  5:49  SCV  
  42  5:52  SCV  
  40  6:01  SCV  
  40  6:13  Neosteel Armor, SCV  
  41  6:22  Factory Reactor  
  41  6:27  Factory  
  41  6:29  SCV  
  42  6:45  Siege Tank  
  45  7:00  Missile Turret  
  45  7:10  Widow Mine x2  
  49  7:16  Factory Reactor  
  49  7:18  Siege Tank  
  49  7:22  Missile Turret  
  52  7:24  Orbital Command  
  52  7:31  Widow Mine x2  
  56  7:52  Widow Mine  
  56  7:53  Widow Mine  
  56  7:54  Refinery  
  60  7:59  Refinery  
  60  8:09  Armory  
  60  8:14  Widow Mine x2  
  64  8:38  Hi-Sec Auto Tracking  
  64  8:41  Widow Mine x3  
  70  8:58  Supply Depot x2  
  70  9:01  Supply Depot  
  70  9:03  Supply Depot  
  70  9:07  Supply Depot  
  70  9:09  Supply Depot  
  70  9:13  Terran Vehicle And Ship Armor Level 1  
  70  9:20  Widow Mine x5  
  80  9:41  Widow Mine x5  
  90  9:47  Drilling Claws  
  90  10:02  Widow Mine x3  
  90  10:03  Widow Mine  
  98  10:11  Widow Mine  
  100  10:24  Widow Mine x4  
  108  10:33  Widow Mine  
  110  10:45  Widow Mine x4  
  118  11:12  Command Center  
  118  11:21  Supply Depot  
  118  11:22  Supply Depot  
  118  11:23  Widow Mine x4  
  118  11:24  Widow Mine  
  128  11:44  Widow Mine x4  
  128  11:45  Widow Mine  
  128  11:46  Supply Depot x2  
  138  11:50  Supply Depot  
  138  11:51  Supply Depot  
  138  12:05  SCV, Widow Mine x4  
  138  12:07  Widow Mine  
  149  12:18  SCV  
  150  12:27  Widow Mine x4  
  150  12:28  Widow Mine  
  160  12:30  SCV  
  161  12:42  SCV  
  162  12:48  Widow Mine x3  
Show
View Real Time Build Order
Export as new Build Order

TATORREA Protoss 

Build Orders: 1 Gate Expand 

Get SALT Encoding   

  12  0:01  Probe  
  13  0:22  Pylon  
  13  0:27  Probe (Chrono Boost)  
  14  0:37  Probe (Chrono Boost)  
  15  0:51  Gateway  
  15  0:54  Gateway  
  15  0:55  Probe  
  16  1:08  Probe  
  16  1:20  Probe  
  17  1:32  Probe  
  18  1:36  Nexus  
  18  1:49  Cybernetics Core  
  18  1:56  Probe  
  19  2:02  Assimilator  
  19  2:05  Assimilator  
  19  2:08  Probe  
  20  2:23  Probe  
  21  2:35  Probe  
  22  2:45  Pylon  
  22  2:48  Pylon  
  22  2:54  Warp Gate (Chrono Boost)  
  22  2:57  Probe x2  
  24  3:00  Gateway  
  24  3:02  Gateway  
  24  3:06  Stalker (Chrono Boost)  
  24  3:10  Stalker (Chrono Boost)  
  28  3:20  Probe  
  28  3:21  Probe  
  30  3:33  Pylon  
  30  3:34  Probe  
  30  3:36  Pylon, Probe  
  32  3:47  Probe  
  32  3:48  Probe  
  34  4:07  Twilight Council  
  34  4:11  Robotics Facility  
  34  4:15  Stargate  
  35  4:17  Probe x2  
  36  4:26  Assimilator  
  36  4:30  Probe x2  
  38  4:48  Stargate  
  38  5:02  Nexus  
  38  5:03  Probe  
  38  5:04  Pylon, Probe  
  40  5:07  Pylon  
  40  5:11  Pylon  
  40  5:14  Assimilator  
  40  5:15  Probe  
  40  5:16  Probe  
  40  5:19  Immortal  
  46  5:27  Probe  
  47  5:28  Probe  
  48  5:38  Stalker  
  48  5:39  Stalker x2  
  54  5:44  Stalker  
  56  5:59  Probe x2  
  58  6:10  Immortal  
  63  6:11  Probe x2  
  63  6:13  Phoenix  
  63  6:14  Phoenix  
  68  6:43  Stalker x3  
  68  6:44  Stalker  
  74  7:04  Phoenix x2  
  74  7:07  Stalker x2  
  74  7:08  Stalker x2  
  86  7:12  Immortal  
  90  7:24  Probe x2  
  90  7:25  Probe  
  93  7:37  Fleet Beacon  
  93  7:45  Pylon  
  93  7:50  Phoenix x2  
  97  7:51  Pylon  
  97  7:55  Pylon  
  91  8:18  Stalker  
  91  8:19  Stalker x2  
  97  8:20  Stalker  
  97  8:23  Anion Pulse-Crystals  
  97  8:25  Phoenix  
  101  8:27  Phoenix  
  101  8:33  Probe x3  
  103  8:50  Assimilator  
  103  8:51  Protoss Air Weapons Level 1  
  103  8:54  Assimilator  
  103  9:03  Blink  
  101  9:13  Phoenix  
  101  9:15  Phoenix  
  96  10:25  Phoenix  
  96  10:26  Phoenix  
  60  10:50  Phoenix  
Show
View Real Time Build Order
Export as new Build Order

MrFercho Zerg 

Build Orders: Hatch First 

Get SALT Encoding   

  12  0:01  Drone  
  13  0:14  Overlord  
  13  0:18  Drone  
  14  0:39  Drone x3  
  17  0:55  Drone  
  18  1:02  Hatchery  
  18  1:04  Drone  
  18  1:19  Extractor, Drone  
  18  1:28  Spawning Pool  
  17  1:46  Drone x3  
  20  1:55  Extractor  
  19  2:17  Queen  
  19  2:18  Queen  
  19  2:20  Drone x4  
  27  2:29  Drone  
  28  2:33  Overlord  
  28  2:40  Overlord  
  28  2:43  Metabolic Boost  
  28  2:51  Roach Warren  
  27  2:58  Lair  
  27  3:05  Drone x5  
  32  3:16  Overlord  
  32  3:24  Evolution Chamber  
  31  3:30  Drone  
  31  3:31  Drone x4  
  36  3:35  Overlord  
  36  3:53  Roach x3  
  36  3:54  Roach x2  
  46  3:58  Glial Reconstitution  
  46  4:07  Zerg Ground Armor Level 1  
  46  4:11  Zergling x4  
  46  4:12  Zergling x4  
  50  4:24  Extractor, Drone x4  
  50  4:25  Drone  
  50  4:29  Extractor  
  53  4:47  Zergling x4, Roach x2  
  59  4:53  Burrow  
  59  4:56  Overseer  
  59  4:59  Drone  
  60  5:00  Overlord  
  60  5:01  Overlord x2  
  60  5:02  Overlord  
  60  5:29  Spire  
  59  5:49  Spore Crawler  
  52  5:53  Spore Crawler  
  45  5:57  Spore Crawler  
  36  6:06  Drone x3  
  36  6:08  Drone x3  
  42  6:28  Spore Crawler  
  42  6:31  Spore Crawler  
  40  6:44  Mutalisk x6  
  52  7:01  Zerg Flyer Weapons Level 1  
  52  7:26  Drone x5  
  52  7:27  Drone  
  58  7:33  Pneumatized Carapace  
  58  7:38  Corruptor  
  58  7:39  Corruptor  
  52  8:11  Corruptor x3  
  58  8:32  Spire  
  57  8:37  Infestation Pit  
  54  9:19  Corruptor x6  
  60  9:47  Corruptor  
  60  9:48  Corruptor x2  
  66  9:55  Zerg Flyer Armor Level 1  
  66  10:13  Spore Crawler  
  65  10:16  Corruptor x2  
  45  11:07  Corruptor x7  
  59  11:21  Queen  
  61  11:54  Spore Crawler  
  61  11:55  Spore Crawler  
  61  11:57  Spore Crawler x2  
  61  11:58  Spore Crawler x3  
  61  11:59  Spore Crawler  
  61  12:00  Spore Crawler x2  
  51  12:02  Spore Crawler x2  
  51  12:03  Spore Crawler  
  51  12:04  Spore Crawler x2  
  51  12:05  Mutalisk  
  51  12:06  Corruptor x8  
Show
View Real Time Build Order
Export as new Build Order

tigro Terran 

Build Orders:  

Get SALT Encoding   

  12  0:02  SCV  
  13  0:14  SCV  
  14  0:24  Supply Depot  
  14  0:26  SCV  
  15  0:35  Refinery  
  15  0:46  SCV  
  16  0:52  Barracks  
  16  0:58  SCV  
  17  1:07  Refinery  
  17  1:10  SCV  
  18  1:22  SCV  
  19  1:28  Supply Depot  
  19  1:34  SCV  
  20  1:43  Marine  
  20  1:47  SCV  
  22  2:01  Marine  
  22  2:05  Barracks  
  23  2:19  Marine, SCV  
  25  2:31  SCV  
  25  2:35  Engineering Bay  
  26  2:37  Marine  
  27  2:46  SCV  
  28  2:55  Marine  
  29  3:03  Barracks Tech Lab  
  29  3:12  Factory  
  29  3:19  Orbital Command  
  29  3:23  Command Center  
  29  3:29  Barracks Tech Lab  
  29  3:40  Terran Infantry Weapons Level 1  
  29  3:55  Combat Shield  
  29  4:02  Stimpack  
  29  4:11  Factory Tech Lab  
  29  4:28  Starport  
  29  4:43  Missile Turret  
  29  4:55  Refinery  
  29  5:00  Marine  
  29  5:01  Marine  
  29  5:06  Missile Turret  
  31  5:15  Siege Tank  
  31  5:18  Marine x2  
  36  5:24  SCV  
  37  5:34  Terran Infantry Armor Level 1  
  30  5:36  Marine x2, SCV  
  24  5:48  SCV  
  22  5:54  Marine x2  
  23  6:00  SCV  
  24  6:12  Marine x2  
  26  6:22  Missile Turret  
  26  6:29  Marine  
  26  6:30  Marine  
  26  6:31  Medivac  
  30  6:47  Marine x2  
  30  6:49  Missile Turret  
  30  6:50  SCV  
  33  7:02  SCV  
  33  7:05  Refinery  
  34  7:14  SCV  
  35  7:28  Neosteel Armor  
  35  7:34  SCV  
  33  7:46  SCV  
  29  7:58  SCV  
  30  8:07  Missile Turret  
  30  8:10  SCV  
  31  8:17  SCV  
  32  8:22  SCV  
  33  8:27  Missile Turret  
  33  8:29  SCV  
  33  8:30  Marine x2  
  36  8:41  SCV  
  36  8:43  Starport Tech Lab  
  36  8:48  Marine  
  37  8:53  SCV  
  31  9:03  Missile Turret  
  31  9:06  SCV  
  31  9:08  Hi-Sec Auto Tracking  
  26  9:10  Marine x2  
  25  9:28  Marine x2  
  29  9:51  SCV  
  30  10:03  SCV  
  25  10:16  SCV  
  16  10:28  SCV  
  11  11:01  Orbital Command  
Tags
 
Add a new tag
Caveats
  • Supply blocks, unpowered buildings, or Contaminate may cause inaccurate times.
  • Supply counts are checked every 10 seconds.